 Dungeon Crawl Stone Soup version 0.23.2-40-g277498a001 (webtiles) character file.

Game seed: 1743537950927787220

58 poirepoire the Magician (level 3, -9/28 HPs)
             Began as a Draconian Transmuter on Sept 7, 2019.
             Killed by divine providence
             ... invoked by an orc priest
              (12 damage)
             ... on level 1 of the Dungeon.
             The game lasted 00:01:14 (1657 turns).

poirepoire the Magician (Draconian Transmuter)      Turns: 1657, Time: 00:01:15

Health: -9/28      AC:  5    Str: 11 (12) XL:     3   Next: 75%
Magic:  8/8        EV: 12    Int: 10 (13) God:
Gold:   96         SH:  0    Dex: 11 (12) Spells: 3/9 levels left

rFire    . . .     SeeInvis .     - Unarmed
rCold    . . .     Gourm    .   (no shield)
rNeg     . . .     Faith    .   (armour unavailable)
rPois    .         Spirit   .   (helmet restricted)
rElec    .         Reflect  .   (no cloak)
rCorr    .         Harm     .   (no gloves)
MR       .....                  (no boots)
Stlth    +.........             (no amulet)
HPRegen  0.09/turn              d - ring of flight
MPRegen  0.11/turn              (no ring)

@: no status effects
A: unfitting armour, cold-blooded, AC +5
a: Evoke Flight


You were on level 1 of the Dungeon.
You were not hungry.

You visited 1 branch of the dungeon, and saw 2 of its levels.

You collected 96 gold pieces.

Inventory:

Missiles
 a - 28 arrows
Jewellery
 d - a ring of flight (left hand)
 f - an uncursed ring of positive energy {unknown}
Scrolls
 e - a scroll of noise
 g - a scroll of remove curse {unknown}
 h - a scroll of fear {unknown}
 i - a scroll of identify {unknown}
 j - a scroll of blinking {unknown}
 k - a scroll of magic mapping {unknown}
Comestibles
 c - 2 rations


   Skills:
 - Level 1.1 Fighting
 - Level 1.7 Dodging
 - Level 3.0 Unarmed Combat
 + Level 3.9 Spellcasting
 - Level 2.0 Transmutations


You had 3 spell levels left.
You knew the following spells:

 Your Spells              Type           Power        Failure   Level  Hunger
a - Beastly Appendage     Tmut           #.....       12%         1    #......
b - Sticks to Snakes      Tmut           #.......     17%         2    ###....
c - Spider Form           Tmut/Pois      #.........   45%         3    ###....

Your spell library contained the following spells:

 Spells                   Type           Power        Failure   Level  Hunger
 Ice Form                 Ice/Tmut       #.......     86%         4    #####..
 Blade Hands              Tmut           #.........   97%         5    ######.


Dungeon Overview and Level Annotations

Branches:
Dungeon (2/15)

Altars:


Innate Abilities, Weirdness & Mutations

Your plain brown scales are hard. (AC +5)
You cannot fit into any form of body armour.
You are cold-blooded and may be slowed by cold attacks.


Message History

Things that are here:
a stone; a leopard gecko skeleton Unknown command.
The rat bites you but does no damage.
The kobold hits you with a +0 short sword.
* * * LOW HITPOINT WARNING * * *
The orc priest completely misses you.
You climb upwards.
There is a stone staircase leading down here.
Unknown command.
Unknown command.
It was a potion of degeneration.
There was something very wrong with that liquid.
You feel weakened.
You feel dopey.
You feel clumsy. The rat barely misses you.
The kobold hits you with a +0 short sword.
* * * LOW HITPOINT WARNING * * *
The orc priest mumbles some strange prayers to Beogh against you.
Beogh smites you!
You die...

#.# ############# #.#
............# #.# ###########.#
#.# #######..##.#####.# ######
...>..............# #.....
#######.########.####### ##.####
# #.# #Kr.....# ##.#.## # #)#
#@#####.###.###.## #.# #o#
#.##.## ##.# #.# ##.##
#.###.###.## #######.# #...# #.#
#..#.## ..)..(..# #...# #.#
#.#.##
#################################
..>...#..........................
#######.......†..†...............
#...#######...#####...####.


You could see an orc priest, a kobold and a rat.

Vanquished Creatures
  A gnoll (D:1)
  An adder (D:2)
  2 dart slugs
  4 leopard geckos
  A ball python (D:2)
  2 bats
  3 giant cockroaches
  A goblin (D:1)
  2 hobgoblins (D:1)
  7 kobolds
  4 frilled lizards (D:1)
  5 rats
33 creatures vanquished.

Notes
Turn   | Place    | Note
-------+----------+-------------------------------------------
     0 | D:1      | poirepoire the Draconian Transmuter began the quest for the
                  | Orb.
     0 | D:1      | Reached XP level 1. HP: 16/16 MP: 3/3
    53 | D:1      | Reached XP level 2. HP: 19/23 MP: 5/5
   579 | D:1      | Reached XP level 3. HP: 23/28 MP: 7/7
   670 | D:1      | Learned a level 2 spell: Sticks to Snakes
   674 | D:1      | Learned a level 3 spell: Spider Form
  1657 | D:1      | Killed from afar by an orc priest

Skill      XL: |  1  2 |
---------------+-------+-----
Spellcasting   | 3 |  3.9
Fighting       | |  1.1
Dodging        | |  1.7
Unarmed Combat | |  3.0
Transmutations | |  2.0

Action                   || total
-------------------------++-------
Melee: Unarmed           ||   115
       Headbutt          ||     2
       Tailslap          ||     7
       Kick              ||     1
 Cast: Beastly Appendage ||     4
  Use: Scroll            ||     1
       Potion            ||     1
 Stab: Sleeping          ||     6
       Distracted        ||     1
  Eat: Ration            ||     1
Armor: Skin              ||    36
Dodge: Dodged            ||    77
